 Dungeon Crawl Stone Soup version 0.17.0-27-g4a3f43e (webtiles) character file.

112623 Medar the Peltast (level 17, 0/113 HPs)
             Began as a Halfling Fighter on Nov 21, 2015.
             Was the Champion of Nemelex Xobeh.
             Slain by a shock serpent (5 damage)
             ... on level 1 of the Snake Pit.
             The game lasted 03:00:09 (58967 turns).

Medar the Peltast (Halfling Fighter)               Turns: 58967, Time: 03:00:10

Health: 0/113      AC: 33    Str: 24    XL:     17   Next: 16%
Magic:  28/28      EV:  3    Int:  7    God:    Nemelex Xobeh [******]
Gold:   2207       SH:  0    Dex: 16    Spells: 2 memorised, 12 levels left

rFire  + . .     SeeInvis .     a - +2 scimitar (flame)
rCold  . . .     Clarity  .     f - +5 chain mail "Jasunaach" {rPois}
rNeg   + + +     SustAt   .     m - +0 buckler
rPois  ∞         Gourm    .     E - +2 helmet
rElec  .         Spirit   .     r - +2 cloak
rCorr  .         Warding  .     q - +2 pair of gloves {Str+3}
rMut   +         Stasis   .     Z - +3 pair of boots "Ycax" {rF+}
MR     ++...                    A - amulet of resist mutation
Stlth  ..........               S - ring of protection from magic
                                J - ring of invisibility

@: petrified, very resistant to hostile enchantments, extremely unstealthy
A: mutation resistance 1
a: Triple Draw, Deal Four, Stack Five, Renounce Religion, Evoke Invisibility


You were on level 1 of the Snake Pit.
You worshipped Nemelex Xobeh.
Nemelex Xobeh was exalted by your worship.
You were not hungry.

You visited 5 branches of the dungeon, and saw 30 of its levels.
You also visited: Ossuary and Ice Cave.

You collected 3816 gold pieces.
You spent 1597 gold pieces at shops.

Inventory:

Hand Weapons
 a - a +2 scimitar of flaming (weapon)
Armour
 f - the +5 chain mail "Jasunaach" (worn) {rPois}
   (You bought it in a shop on level 4 of the Orcish Mines)

   It protects you from poison.
 m - a +0 buckler (worn)
 q - a +2 pair of gloves of strength (worn)
 r - a +2 cloak (worn)
 E - a +2 helmet (worn)
 Z - the +3 pair of boots "Ycax" (worn) {rF+}
   (You bought it in a shop on level 4 of the Orcish Mines)

   It protects you from fire.
Jewellery
 t - an uncursed ring of see invisible
 A - an amulet of resist mutation (around neck)
 J - a ring of invisibility (left hand)
 S - a ring of protection from magic (right hand)
Wands
 b - a wand of lightning (9)
 h - a wand of confusion (27)
 x - a wand of invisibility (6)
 K - a wand of paralysis (7)
 T - a wand of draining (6)
Scrolls
 i - a scroll of fear
 o - a scroll of immolation {unknown}
 s - 3 scrolls of teleportation
 y - 4 scrolls of fog
 z - 2 scrolls of blinking
 C - 7 scrolls of remove curse {@r1}
 I - 3 scrolls of recharging
 N - a scroll of noise {unknown}
Potions
 d - 4 potions of might
 n - 2 potions of flight
 p - 5 potions of curing {@q1}
 v - 3 potions of cancellation
 B - 2 potions of heal wounds
 D - 2 potions of haste
 G - 4 potions of agility
 H - 2 potions of berserk rage {!q}
 M - 2 potions of magic
 P - a potion of ambrosia
 X - 3 potions of resistance
Miscellaneous
 c - a plain deck of escape {drawn: 7}
 j - a lamp of fire
 l - an ornate deck of war {drawn: 7}
 u - a legendary deck of escape {the Elixir, left: 4}
 F - a legendary deck of war {drawn: 6}
 O - a legendary deck of destruction
 Q - an ornate deck of escape {drawn: 1}
 U - a phial of floods
 V - an ornate deck of war
 W - a phantom mirror
 Y - a legendary deck of destruction {drawn: 2}
Comestibles
 e - 14 bread rations {@e1}
 g - 4 meat rations {@e2}
 L - 10 fruits {@e3}


   Skills:
 - Level 9.2 Fighting
   Level 14.4(15.4) Short Blades
 + Level 7.5(10.5) Long Blades
 - Level 13.6 Armour
 - Level 5.0 Dodging
 - Level 15.0 Shields
 - Level 15.0 Evocations


You had 12 spell levels left.
You knew the following spells:

 Your Spells              Type           Power        Failure   Level  Hunger
j - Blink                 Tloc           N/A          100%        2    ###....
m - Repel Missiles        Chrm/Air       #.....       100%        2    ###....


Dungeon Overview and Level Annotations

Branches:
Dungeon (15/15)            Temple (1/1) D:7            Lair (8/8) D:10
 Shoals (0/4) Lair:4        Snake (2/4) Lair:5        Slime (0/6) Lair:8
    Orc (4/4) D:9             Elf (0/3) Orc:4        Vaults (0/5) D:14
 Depths: D:15

Altars:
Ashenzari
Cheibriados
Dithmenos
Elyvilon
Fedhas
Gozag
Kikubaaqudgha
Makhleb
Nemelex Xobeh
Okawaru
Qazlal
Ru
Sif Muna
Trog
Vehumet
Xom
Yredelemnul
Zin
The Shining One
Beogh
Jiyva

Shops:
D:6 (   D:9 :   D:12 %   Orc:3 [   Orc:4 ([[*

Portals:
Hell: Lair:8
Trove: D:13 (give 7 potions of haste)

Annotations:
D:3 exclusion: 2 downstairs
D:5 exclusion: upstairs
D:15 exclusion: Roxanne, Roxanne
Lair:8 hell
Snake:2 Jorgrun


Innate Abilities, Weirdness & Mutations

You are small and have problems with some larger weapons.
You are somewhat resistant to further mutation.


Message History

Your limbs are stiffening.
You climb upwards.
The shock serpent hisses angrily.
The shock serpent shoots out a bolt of lightning at you!
The bolt of electricity hits you! The bolt of electricity misses you.
The shock serpent bites you but does no damage.
The shock serpent bites you! The shock serpent shocks you!
* * * LOW HITPOINT WARNING * * *
You have turned to stone.
The shock serpent shoots out a bolt of lightning at you!
The bolt of electricity hits you!
* * * LOW HITPOINT WARNING * * *
The bolt of electricity hits you!
* * * LOW HITPOINT WARNING * * *
The shock serpent bites you but does no damage. x2
The shock serpent bites you!
* * * LOW HITPOINT WARNING * * *
The shock serpent shocks you!
You die...
Your body disappears without a glow.

##...............#####..
##.............## #..
##...(.......## #..
#...........# #..
##......[...# #..
##.........## #..
#...........## #..
###............## #..
#...#[@.(...(...## #..
###.##(S(.[......####..
#..##...........#....
##))..#...............
#.))..................
#.##................#.
##.####............####
#[## ###..........# #
#.# ##.........#


You could see a shock serpent.

Vanquished Creatures
  Saint Roka (Orc:4)
  A greater naga (Snake:1)
  Donald (Orc:3)
  An orc warlord (D:11)
  Snorg (Orc:1)
  An ogre mage (D:14)
  3 vault guards (D:14)
  3 naga warriors
  A hell beast (Lair:8)
  7 hydras
  2 centaur warriors
  An orc high priest (Orc:4)
  2 anacondas (Snake:1)
  5 naga sharpshooters (Snake:1)
  2 shock serpents (Snake:1)
  An unseen horror (D:14)
  A sea snake (D:14)
  5 hill giants
  A wizard (Lair:8)
  5 griffons
  4 orc knights
  3 mana vipers (Snake:1)
  A lindwurm (Orc:2)
  2 orc sorcerers
  4 ugly things
  A faun (Lair:8)
  8 elephants
  7 salamanders
  3 naga magi
  8 cyclopes
  A guardian serpent (Snake:1)
  13 black mambas
  A yaktaur (D:14)
  2 gargoyles
  21 spiny frogs
  A kobold demonologist (D:14)
  9 komodo dragons
  6 blue devils (Lair:8)
  2 tengu conjurers (D:14)
  4 red devils (Lair:8)
  A hellwing (Lair:8)
  2 polar bears
  5 trolls
  A merfolk (Lair:4)
  A raiju (shapeshifter) (D:13)
  4 two-headed ogres
  18 blink frogs
  A boulder beetle (Lair:8)
  5 slime creatures
  3 spriggans
  4 deep elf magi
  A trapdoor spider (D:12)
  3 wyverns
  5 basilisks
  3 hungry ghosts
  22 yaks
  A vampire (D:14)
  Eustachio (D:5)
  25 nagas
  10 hippogriffs
  6 wargs
  8 vampire mosquitoes
  A steam dragon (D:7)
  2 humans (D:14)
  24 wolves
  15 water moccasins
  12 porcupines
  Duvessa (D:4)
  4 sky beasts
  A swamp drake (D:11)
  A black bear (Lair:5)
  15 ogres
  3 centaurs
  41 orc warriors
  3 ice beasts
  3 boggarts (D:14)
  A phantom (D:7)
  2 necrophages
  25 crocodiles
  20 giant frogs
  Blork the orc (D:9)
  5 big kobolds
  2 wyvern skeletons
  Dowan (D:4)
  13 scorpions
  7 wights
  A quasit (D:9)
  A giant frog zombie (D:10)
  4 crimson imps
  5 jellies
  An iron imp (D:11)
  4 centaur zombies
  5 hounds
  49 orc priests
  38 orc wizards
  5 giant frog skeletons
  A human zombie (Ossuary)
  5 centaur skeletons
  Jessica (D:3)
  A gnoll shaman (D:9)
  Natasha (thrice) (D:3)
  10 iguanas
  6 sheep
  10 worker ants
  2 big kobold zombies (Ossuary)
  A hound zombie (D:6)
  A hound skeleton (D:10)
  3 mummies (Ossuary)
  2 worker ant zombies
  8 gnolls
  56 river rats
  7 scorpion zombies (Ossuary)
  A shadow imp (D:15)
  13 adders
  5 white imps
  3 ufetubi (IceCv)
  An adder skeleton (D:6)
  3 oozes
  2 worms
  7 giant geckos
  232 orcs
  5 bats
  6 giant cockroaches
  A gnoll zombie (Ossuary)
  A hobgoblin (D:2)
  3 jackals (D:1)
  37 kobolds
  4 quokkas
  4 ball pythons
  A giant gecko skeleton (D:7)
  2 giant newts
  5 goblins
  A hobgoblin zombie (Ossuary)
  A jackal zombie (D:9)
  2 kobold zombies (Ossuary)
  2 orc zombies (Ossuary)
  A quokka skeleton (D:6)
  5 rats
  6 plants
1063 creatures vanquished.

Vanquished Creatures (collateral kills)
  Rupert (Orc:2)
  A dire elephant (Lair:8)
  2 vault guards (D:14)
  A hydra (Lair:4)
  Erolcha (Orc:3)
  An anaconda (Snake:1)
  A centaur warrior (D:9)
  Urug (Orc:1)
  2 hill giants
  An orc knight (Orc:3)
  2 elephants (Lair:8)
  2 black mambas
  An octopode (Orc:3)
  A naga mage (Snake:1)
  An efreet (D:13)
  A komodo dragon (Lair:1)
  2 kobold demonologists (D:14)
  2 slime creatures
  A wyvern (Orc:3)
  A trapdoor spider (D:8)
  A yak (Lair:8)
  A deep elf mage (D:12)
  A hippogriff (Lair:1)
  2 wargs (Orc:3)
  2 nagas
  3 porcupines
  2 orc warriors
  2 ogres
  A crocodile (Lair:1)
  2 big kobolds (D:14)
  2 giant frogs
  6 wights
  A jelly (Orc:3)
  A quasit (D:8)
  6 orc priests
  6 orc wizards (Orc:3)
  A shadow imp (D:12)
  25 orcs
  A jackal (Orc:3)
  A quokka (Orc:3)
93 creatures vanquished.

Vanquished Creatures (others)
  An unseen horror (D:12)
  A salamander (Snake:1)
  A kobold demonologist (D:12)
  A big kobold (D:14)
  2 scorpions (Ossuary)
  A hound (D:12)
  A shadow imp (D:11)
  A white imp (IceCv)
  4 ufetubi (IceCv)
  4 orcs
  2 bushes (Lair:5)
  27 fungi
  27 plants
73 creatures vanquished.

Grand Total: 1229 creatures vanquished

Notes
Turn   | Place    | Note
--------------------------------------------------------------
     0 | D:1      | Medar the Halfling Fighter began the quest for the Orb.
     0 | D:1      | Reached XP level 1. HP: 15/15 MP: 1/1
   152 | D:1      | Reached XP level 2. HP: 18/20 MP: 2/2
   280 | D:1      | Reached skill level 4 in Short Blades
   461 | D:1      | Reached XP level 3. HP: 25/25 MP: 3/3
  1196 | D:2      | Reached skill level 5 in Short Blades
  1560 | D:2      | Reached XP level 4. HP: 27/30 MP: 4/4
  1807 | D:3      | Noticed Natasha
  1833 | D:3      | Killed Natasha
  1982 | D:3      | Noticed Natasha
  2191 | D:3      | Killed Natasha
  2191 | D:3      | Reached skill level 6 in Short Blades
  2246 | D:3      | Noticed Jessica
  2254 | D:3      | Killed Jessica
  2254 | D:3      | Reached XP level 5. HP: 31/35 MP: 5/5
  2316 | D:3      | Noticed Natasha
  2326 | D:3      | Killed Natasha
  2365 | D:3      | Reached skill level 7 in Short Blades
  3021 | D:4      | Noticed Duvessa
  3038 | D:4      | Noticed Dowan
  3083 | D:4      | Noticed an ogre
  3211 | D:4      | Killed Dowan
  3211 | D:4      | Reached skill level 8 in Short Blades
  3211 | D:4      | Reached XP level 6. HP: 33/41 MP: 6/6
  3323 | D:4      | Noticed an ogre
  3437 | D:4      | Killed Duvessa
  3630 | D:5      | Entered Level 5 of the Dungeon
  3844 | D:5      | Found an ancient bone altar of Kikubaaqudgha.
  4027 | D:5      | Reached skill level 1 in Evocations
  4027 | D:5      | Reached XP level 7. HP: 45/45 MP: 7/7
  4429 | D:5      | Noticed an ice beast
  4454 | D:5      | Killed an ice beast
  4689 | D:5      | Noticed Eustachio
  5103 | D:5      | Killed Eustachio
  5103 | D:5      | Reached skill level 9 in Short Blades
  5482 | D:6      | Reached XP level 8. HP: 47/51 MP: 9/9
  5670 | D:6      | Reached skill level 10 in Short Blades
  6123 | D:6      | Found Nuohevur's Weapon Shop.
  6936 | D:7      | Found a sand-covered staircase.
  6943 | Ossuary  | Entered an ossuary
  7135 | Ossuary  | Reached skill level 5 in Fighting
  7562 | Ossuary  | Reached skill level 5 in Armour
  7781 | Ossuary  | Reached XP level 9. HP: 52/61 MP: 9/11
  8132 | D:7      | Killed an ogre
  8303 | D:7      | Found a staircase to the Ecumenical Temple.
  8328 | Temple   | Entered the Ecumenical Temple
  8335 | Temple   | Reached skill level 11 in Short Blades
  8386 | Temple   | Became a worshipper of Nemelex Xobeh the Trickster
  8521 | D:7      | Received a gift from Nemelex Xobeh
  8630 | D:7      | Found a shattered altar of Ashenzari.
  8806 | D:7      | Received a gift from Nemelex Xobeh
  8916 | D:7      | Reached * piety under Nemelex Xobeh
  9085 | D:7      | Reached skill level 12 in Short Blades
  9459 | D:8      | Noticed a red ugly thing
  9878 | D:8      | Found a basalt altar of Yredelemnul.
 10022 | D:8      | Reached skill level 13 in Short Blades
 10031 | D:8      | Reached XP level 10. HP: 66/66 MP: 13/13
 10287 | D:8      | Found a stormy altar of Qazlal.
 10288 | D:8      | Found a radiant altar of Vehumet.
 10705 | D:9      | Received a gift from Nemelex Xobeh
 10795 | D:9      | Noticed a centaur warrior
 10826 | D:9      | Killed a centaur warrior
 10826 | D:9      | Reached skill level 14 in Short Blades
 11441 | D:9      | Reached skill level 5 in Evocations
 11815 | D:9      | Found a bloodstained altar of Trog.
 12534 | D:9      | Noticed Blork the orc
 12540 | D:9      | Killed Blork the orc
 12548 | D:9      | Found a deep blue altar of Sif Muna.
 12580 | D:9      | Found a staircase to the Orcish Mines.
 12630 | D:9      | Found a roughly hewn altar of Beogh.
 12636 | D:9      | Found Caiz's Book Shop.
 13096 | D:10     | Entered Level 10 of the Dungeon
 13183 | D:10     | Noticed a cyclops
 13189 | D:10     | Killed a cyclops
 13189 | D:10     | Reached XP level 11. HP: 71/71 MP: 15/17
 13520 | D:10     | Reached ** piety under Nemelex Xobeh
 13523 | D:10     | Received a gift from Nemelex Xobeh
 13547 | D:10     | Noticed a gargoyle
 13600 | D:10     | Killed a gargoyle
 13960 | D:10     | Received a gift from Nemelex Xobeh
 14020 | D:10     | Found a staircase to the Lair.
 14274 | Lair:1   | Entered Level 1 of the Lair of Beasts
 14370 | Lair:1   | Found a frozen archway.
 14421 | IceCv    | Entered an ice cave
 15519 | Lair:1   | Received a gift from Nemelex Xobeh
 15758 | D:10     | Gained mutation: Your magical capacity is low (-10% MP). [potion of mutation]
 15758 | D:10     | Gained mutation: You are dopey. (Int -2) [potion of mutation]
 15759 | D:10     | Gained mutation: You are agile. (Dex +2) [potion of mutation]
 15760 | D:10     | Gained mutation: Your body sometimes deteriorates upon taking damage. [potion of mutation]
 15760 | D:10     | Gained mutation: Your spells are a little harder to cast, but a little more powerful. [potion of mutation]
 15761 | D:10     | Lost mutation: You are dopey. (Int -2) [potion of cure mutation]
 15761 | D:10     | Lost mutation: Your magical capacity is low (-10% MP). [potion of cure mutation]
 15761 | D:10     | Lost mutation: You are agile. (Dex +2) [potion of cure mutation]
 15966 | Lair:1   | Reached *** piety under Nemelex Xobeh
 15982 | Lair:1   | Noticed an eight-headed hydra
 15992 | Lair:1   | Killed an eight-headed hydra
 16356 | Lair:2   | Received a gift from Nemelex Xobeh
 16516 | Lair:2   | Reached XP level 12. HP: 72/82 MP: 18/18
 17024 | Lair:2   | Received a gift from Nemelex Xobeh
 17379 | Lair:3   | Reached skill level 10 in Evocations
 17940 | Lair:3   | Noticed a four-headed hydra
 18082 | Lair:4   | Reached skill level 10 in Armour
 18743 | Lair:4   | Reached **** piety under Nemelex Xobeh
 19192 | Lair:3   | Noticed an eight-headed hydra
 19426 | Lair:3   | Received a gift from Nemelex Xobeh
 20044 | Lair:4   | Noticed a four-headed hydra
 20052 | Lair:4   | Killed a four-headed hydra
 20179 | Lair:4   | Reached XP level 13. HP: 84/88 MP: 21/21
 20307 | Lair:4   | Found a staircase to the Shoals.
 20308 | Lair:4   | Noticed an eight-headed hydra
 21795 | Lair:4   | Killed an eight-headed hydra
 22828 | Lair:5   | Found a staircase to the Snake Pit.
 23408 | Lair:5   | Reached skill level 5 in Shields
 24185 | Lair:5   | Received a gift from Nemelex Xobeh
 25742 | Lair:6   | Received a gift from Nemelex Xobeh
 26228 | Lair:6   | Received a gift from Nemelex Xobeh
 27766 | Lair:8   | Entered Level 8 of the Lair of Beasts
 27766 | Lair:8   | Reached ***** piety under Nemelex Xobeh
 27840 | Lair:8   | Received a gift from Nemelex Xobeh
 27917 | Lair:8   | Reached skill level 10 in Shields
 28742 | Lair:8   | Reached XP level 14. HP: 88/97 MP: 23/23
 28773 | Lair:8   | Found a staircase to the Slime Pits.
 28773 | Lair:8   | Found a viscous altar of Jiyva.
 28774 | Lair:8   | Received a gift from Nemelex Xobeh
 29551 | Lair:8   | Got a dazzling hand crossbow
 29554 | Lair:8   | Identified the +1 hand crossbow "Hilius" {penet, Int+2} (You found it on level 8 of the Lair of Beasts)
 31843 | Lair:8   | Noticed a dire elephant
 31890 | Lair:8   | Killed a dire elephant
 32489 | Lair:8   | Received a gift from Nemelex Xobeh
 33093 | Lair:3   | Killed a four-headed hydra
 33315 | Lair:3   | Killed an eight-headed hydra
 33795 | Orc:1    | Entered Level 1 of the Orcish Mines
 33973 | Orc:2    | Received a gift from Nemelex Xobeh
 34120 | Orc:2    | Noticed Snorg
 34331 | Orc:1    | Killed Snorg
 34757 | Orc:2    | Noticed Rupert
 34765 | Orc:2    | Killed Rupert
 34843 | Orc:1    | Found a roughly hewn altar of Beogh.
 35118 | Orc:1    | Noticed Urug
 35209 | Orc:1    | Noticed Mitar the pandemonium lord
 35213 | Orc:1    | Killed Urug
 35443 | Orc:3    | Received a gift from Nemelex Xobeh
 36099 | Orc:3    | Noticed Erolcha
 36108 | Orc:3    | Killed Erolcha
 36121 | Orc:3    | Found Luroaryn's Armour Boutique.
 36340 | Orc:3    | Bought a +1 pair of gloves of strength for 214 gold pieces
 36440 | Orc:3    | Noticed Donald
 36474 | Orc:3    | Killed Donald
 36709 | Orc:3    | Reached XP level 15. HP: 101/101 MP: 24/24
 36732 | Orc:3    | Reached skill level 15 in Shields
 36759 | Orc:3    | Received a gift from Nemelex Xobeh
 38293 | Orc:4    | Entered Level 4 of the Orcish Mines
 38293 | Orc:4    | Received a gift from Nemelex Xobeh
 38360 | Orc:4    | Found a burning altar of Makhleb.
 38389 | Orc:4    | Reached skill level 5 in Dodging
 38553 | Orc:4    | Found a staircase to the Elven Halls.
 39328 | Orc:4    | Found a roughly hewn altar of Beogh.
 39516 | Orc:4    | Received a gift from Nemelex Xobeh
 39585 | Orc:4    | Found a roughly hewn altar of Beogh.
 39621 | Orc:4    | Found Ewienio's Armour Shoppe.
 39758 | Orc:4    | Found a roughly hewn altar of Beogh.
 39800 | Orc:4    | Found Nucajule's Assorted Antiques.
 39914 | Orc:4    | Bought a pair of scorched gloves for 313 gold pieces
 39924 | Orc:4    | Identified the cursed +0 pair of gloves of Cougiyck {rCorr} (You bought it in a shop on level 4 of the Orcish Mines)
 40171 | Orc:4    | Noticed Saint Roka
 41006 | Orc:4    | Found a roughly hewn altar of Beogh.
 41094 | Orc:4    | Found a roughly hewn altar of Beogh.
 41319 | Orc:4    | Found a roughly hewn altar of Beogh.
 41357 | Orc:4    | Found a roughly hewn altar of Beogh.
 41833 | Orc:4    | Found Tirih's Antique Weapon Boutique.
 41834 | Orc:4    | Found a roughly hewn altar of Beogh.
 41835 | Orc:4    | Found Qasen's Antique Armour Shop.
 41842 | Orc:4    | Bought a glowing helmet for 126 gold pieces
 41842 | Orc:4    | Bought a pair of encrusted boots for 266 gold pieces
 41863 | Orc:4    | Identified the +3 pair of boots "Ycax" {rF+} (You bought it in a shop on level 4 of the Orcish Mines)
 41863 | Orc:4    | Bought a smoking chain mail for 266 gold pieces
 41873 | Orc:4    | Identified the +5 chain mail "Jasunaach" {rPois} (You bought it in a shop on level 4 of the Orcish Mines)
 42153 | Orc:4    | Found a roughly hewn altar of Beogh.
 42474 | Lair:2   | Lost mutation: Your body sometimes deteriorates upon taking damage. [potion of cure mutation]
 42474 | Lair:2   | Lost mutation: Your spells are a little harder to cast, but a little more powerful. [potion of cure mutation]
 42668 | Orc:4    | Killed Saint Roka
 43009 | Orc:4    | Bought a scroll of blinking for 247 gold pieces
 43009 | Orc:4    | Bought a thin crystal amulet for 165 gold pieces
 43568 | D:11     | Received a gift from Nemelex Xobeh
 43861 | D:11     | Learned a level 2 spell: Blink
 43864 | D:11     | Learned a level 2 spell: Repel Missiles
 44152 | D:12     | Received a gift from Nemelex Xobeh
 44236 | D:12     | Found Zukoom's Food Shop.
 44299 | D:12     | Found a shimmering altar of Xom.
 44299 | D:12     | Received a gift from Nemelex Xobeh
 44477 | D:12     | Noticed an orc warlord
 44834 | D:11     | Killed an orc warlord
 45992 | D:13     | Received a gift from Nemelex Xobeh
 46486 | D:13     | You fall through a shaft for 2 floors!
 46486 | D:15     | Entered Level 15 of the Dungeon
 46547 | D:15     | Noticed Roxanne
 46576 | D:14     | Reached ****** piety under Nemelex Xobeh
 46771 | D:14     | Found a stormy altar of Qazlal.
 47214 | D:14     | Got a twisted trident
 47567 | D:13     | Received a gift from Nemelex Xobeh
 47794 | D:13     | Reached skill level 15 in Evocations
 47899 | D:13     | Found a portal to a secret trove of treasure.
 48317 | D:14     | Reached XP level 16. HP: 108/108 MP: 27/27
 49395 | D:14     | Found a gate to the Vaults.
 50085 | D:15     | Noticed a golden dragon
 50085 | D:15     | an iron troll changed into a golden dragon
 50178 | D:15     | Noticed a caustic shrike
 50178 | D:15     | a golden dragon changed into a caustic shrike
 51556 | Lair:8   | Found a burning altar of Makhleb.
 52472 | Lair:8   | Found a gateway to Hell.
 52786 | Snake:1  | Entered Level 1 of the Snake Pit
 52798 | Snake:1  | Received a gift from Nemelex Xobeh
 54111 | Snake:1  | Reached skill level 1 in Long Blades
 54769 | Snake:1  | Received a gift from Nemelex Xobeh
 55165 | Snake:1  | Received a gift from Nemelex Xobeh
 56437 | Snake:1  | Reached skill level 5 in Long Blades
 57206 | Snake:1  | Reached XP level 17. HP: 86/113 MP: 28/28
 58187 | Snake:2  | Received a gift from Nemelex Xobeh
 58510 | Snake:2  | Noticed Jorgrun
 58967 | Snake:1  | HP: 5/113 [shock serpent (3)]
 58967 | Snake:1  | Slain by a shock serpent

Action                   |  1- 3 |  4- 6 |  7- 9 | 10-12 | 13-15 | 16-18 || total
-------------------------+-------+-------+-------+-------+-------+-------++-------
Melee: Rapier            |   119 |   169 |   583 |  1481 |  5013 |  1319 ||  8684
       Scimitar          |       |       |       |       |       |   472 ||   472
 Fire: Hunting sling     |       |    13 |     8 |    11 |       |       ||    32
Invok: Stack Five        |       |       |       |       |     1 |       ||     1
 Abil: Evoke Teleportati |       |     1 |       |       |       |       ||     1
       Evoke Invisibilit |       |       |       |       |    12 |       ||    12
Evoke: Wand              |       |       |    42 |    28 |    10 |     4 ||    84
       Deck              |       |       |     9 |    47 |   100 |    36 ||   192
       Lamp of fire      |       |       |       |       |       |     2 ||     2
  Use: Scroll            |     4 |     3 |     7 |    11 |    19 |     7 ||    51
       Potion            |       |     4 |     2 |     9 |     7 |     1 ||    23
 Stab: Paralysed         |       |       |     6 |    10 |     1 |       ||    17
       Confused          |       |       |     4 |       |     1 |       ||     5
       Distracted        |       |       |     1 |     1 |     6 |       ||     8
       Petrifying        |       |       |       |     1 |       |       ||     1
       Invisible         |       |       |       |       |    40 |       ||    40
  Eat: Chunk             |     2 |     5 |    12 |    26 |    68 |     9 ||   122
       Pizza             |       |     1 |     1 |     1 |       |     1 ||     4
       Beef jerky        |       |     1 |     4 |       |     7 |     1 ||    13
       Meat ration       |       |       |       |     1 |     3 |     5 ||     9
       Royal jelly       |       |       |       |       |     1 |       ||     1
       Fruit             |       |       |       |       |     1 |       ||     1
